 Dungeon Crawl Stone Soup version 0.23.0 (webtiles) character file.

Game seed: 17760984826326581251

47 MalarOregon the Magician (level 3, 0/24 HPs)
             Began as a Merfolk Wizard on Feb 12, 2019.
             Killed from afar by Natasha (7 damage)
             ... with a magic dart
             ... on level 2 of the Dungeon.
             The game lasted 00:07:18 (1914 turns).

MalarOregon the Magician (Merfolk Wizard)           Turns: 1914, Time: 00:07:19

Health: 0/24       AC:  5    Str:  7    XL:     3   Next: 70%
Magic:  0/8        EV: 13    Int: 18    God:
Gold:   71         SH:  0    Dex: 12    Spells: 8/9 levels left

rFire    . . .     SeeInvis .   f - +0 whip
rCold    . . .     Gourm    .   (no shield)
rNeg     . . .     Faith    .   a - +0 robe
rPois    .         Spirit   .   b - +0 hat
rElec    .         Reflect  .   c - +2 cloak
rCorr    .         Harm     .   (no gloves)
MR       .....                  (no boots)
Stlth    ++........             (no amulet)
HPRegen  0.08/turn              (no ring)
MPRegen  0.11/turn              (no ring)

@: very slightly contaminated, slowed, invisible, very slow
A: change form in water, swift swim, stealthy swim
a: no special abilities


You were on level 2 of the Dungeon.
You were not hungry.

You visited 1 branch of the dungeon, and saw 2 of its levels.

You collected 71 gold pieces.

Inventory:

Hand Weapons
 f - a +0 whip (weapon)
   (You took it off a kobold on level 1 of the Dungeon)
Missiles
 d - 8 javelins of returning (quivered)
 i - 4 poisoned javelins
Armour
 a - a +0 robe (worn)
 b - a +0 hat (worn)
 c - a +2 cloak (worn)
   (You found it on level 1 of the Dungeon)
Scrolls
 j - a scroll of teleportation {@r4}
Potions
 h - a potion of haste {@q3}
 k - a potion of heal wounds {@q2}
 n - a potion of might {unknown}
Comestibles
 e - 2 rations {!d}
 l - a chunk of flesh


   Skills:
 - Level 2.6 Dodging
 - Level 2.1 Stealth
 + Level 3.7 Spellcasting
 + Level 2.0 Conjurations
   Level 1.0 Summonings
   Level 0.7 Translocations


You had 8 spell levels left.
You knew the following spells:

 Your Spells              Type           Power        Failure   Level  Hunger
a - Magic Dart            Conj           ##..         6%          1    None

Your spell library contained the following spells:

 Spells                   Type           Power        Failure   Level  Hunger
 Call Imp                 Summ           #.......     16%         2    ##.....
 Blink                    Tloc           N/A          17%         2    ##.....
 Slow                     Hex            #.......     22%         2    ##.....
 Conjure Flame            Conj/Fire      #.......     30%         3    ###....
 Mephitic Cloud           Conj/Pois/Air  #.......     34%         3    ###....


Dungeon Overview and Level Annotations

Branches:
Dungeon (2/15)

Altars:

Annotations:
D:2 Natasha


Message History

You miscast Magic Dart.
You are very lightly contaminated with residual magic.
Wisps of smoke drift from your hands.
Natasha mumbles some strange words.
Natasha shimmers violently.
You hit Natasha but do no damage. Natasha barely misses you.
Natasha casts a spell.
You hit Natasha but do no damage.
Natasha wildly gestures.
You feel disoriented. Natasha closely misses you. Natasha barely misses you.
You closely miss Natasha. Natasha claws you.
The crimson imp blinks!
Natasha claws you.
Aim: Natasha (heavily wounded)
The magic dart hits Natasha.
The crimson imp blinks!
Natasha misses you.
You hit Natasha. Natasha barely misses you. The crimson imp closely misses you.
Natasha claws you.
The crimson imp blinks!
You closely miss Natasha.
Natasha stares at you and mumbles some strange words.
You feel as though you will be slow longer.
Natasha casts a spell.
You miss Natasha.
The crimson imp disappears in a puff of smoke!
Natasha claws you. Natasha barely misses you.
You barely miss Natasha. Natasha misses you.
Natasha claws you but does no damage.
Aim: Natasha (heavily wounded)
The magic dart hits Natasha.
Natasha closely misses you.
There are monsters nearby!
You hit Natasha. Natasha claws you!
* * * LOW HITPOINT WARNING * * *
Natasha claws you but does no damage.
Your magical contamination has completely faded away.
You feel much better.
Natasha stares at you and mumbles some strange words.
The magic dart hits you.
It was a potion of invisibility.
You fade into invisibility!
Natasha casts a spell.
Natasha claws you!
* * * LOW HITPOINT WARNING * * *
You are very lightly contaminated with residual magic.
You closely miss Natasha. Natasha barely misses you.
The white imp gestures at you. The puff of frost hits you.
* * * LOW HITPOINT WARNING * * *
Natasha stares at you and mumbles some strange words.
The magic dart hits you!
You die...

# ##.#.### #.......# #
###...# #.......#
#####...>.######.......#
......................##
#####.......<...).....##
........#####..........#
.#.###.###.....#.......#
#..###.##..###.........#
..###..#..## ###@5....##
### #.##.## #h#...##
#####.##.## #5.####
..........# ##(.#
..........# ##.#
..........# ...
......##### #..†.
......# #..†.. ......#
......#


You could see an iron imp, Natasha and a white imp.

Vanquished Creatures
  An ooze (D:1)
  A worm (D:2)
  6 bats
  3 giant cockroaches
  6 goblins
  5 hobgoblins
  4 jackals (D:1)
  2 frilled lizards (D:1)
  3 kobolds (D:1)
  5 rats (D:1)
36 creatures vanquished.

Notes
Turn   | Place    | Note
-------+----------+-------------------------------------------
     0 | D:1      | MalarOregon the Merfolk Wizard began the quest for the Orb.
     0 | D:1      | Reached XP level 1. HP: 13/13 MP: 4/4
    68 | D:1      | Reached skill level 1 in Conjurations
   268 | D:1      | Reached XP level 2. HP: 18/19 MP: 0/6
  1184 | D:1      | Reached XP level 3. HP: 24/24 MP: 3/7
  1894 | D:2      | Noticed Natasha
  1914 | D:2      | Killed from afar by Natasha

Skill      XL: |  1  2  3 |
---------------+----------+-----
Conjurations   | 1 2 |  2.0
Dodging        | |  2.6
Stealth        | |  2.1
Spellcasting   | |  3.7
Summonings     | |  1.0
Translocations | |  0.7

Action                   || total
-------------------------++-------
Melee: Unarmed           ||    32
       Whip              ||    19
 Cast: Magic Dart        ||   101
  Use: Scroll            ||     6
       Potion            ||     2
 Stab: Sleeping          ||     1
  Eat: Chunk             ||     3
Armor: Robe              ||    17
Dodge: Dodged            ||    85
